Map: Ulrena

Players

HaPe

  • Race: Protoss Protoss
  • League: Master

Miszu - Winner!

  • Race: Terran Terran
  • League: Grandmaster

VOD

Have the link to the VOD?

Description

Time

  • Played on: May 20, 2016, 10:40 a.m.
  • Length: 3:29
Show
View Real Time Build Order
Export as new Build Order

HaPe Protoss 

Build Orders:  

Get SALT Encoding   

  12  0:01  Probe (Chrono Boost)  
  13  0:12  Probe (Chrono Boost)  
  14  0:20  Pylon  
  14  0:22  Probe (Chrono Boost)  
  15  0:38  Probe (Chrono Boost)  
  16  0:43  Gateway  
  16  0:48  Probe (Chrono Boost)  
  17  0:52  Assimilator  
  17  0:59  Probe (Chrono Boost)  
  18  1:17  Probe (Chrono Boost)  
  19  1:18  Pylon  
  19  1:27  Probe (Chrono Boost)  
  20  1:35  Zealot (Chrono Boost)  
  20  1:36  Cybernetics Core  
  20  1:38  Probe  
  23  1:50  Probe  
  23  1:58  Gateway, Assimilator  
  23  2:13  Mothership Core  
  25  2:18  Adept (Chrono Boost)  
  17  2:45  Adept (Chrono Boost)  
  17  2:48  Adept (Chrono Boost)  
  17  2:49  Pylon  
  20  3:09  Pylon  
Show
View Real Time Build Order
Export as new Build Order

Miszu Terran - Winner!

Build Orders:  

Get SALT Encoding   

  12  0:01  SCV  
  13  0:13  SCV  
  14  0:19  Supply Depot  
  14  0:25  SCV  
  15  0:41  Barracks  
  15  0:52  Barracks  
  15  1:03  Barracks  
  15  1:28  Marine, Barracks  
  16  1:38  Marine  
  16  1:39  Supply Depot  
  17  1:46  Marine  
  18  1:51  Marine  
  19  1:56  Marine  
  20  2:03  Marine  
  21  2:09  Marine  
  21  2:14  Marine  
  22  2:21  Marine  
  23  2:24  Marine  
  23  2:26  Marine  
  25  2:32  Marine  
  26  2:39  Marine  
  26  2:42  Marine  
  22  2:44  Marine  
  22  2:50  Marine  
  24  2:56  Supply Depot  
  24  2:57  Marine  
  24  3:00  Marine  
  24  3:02  Marine  
  26  3:07  Marine  
Tags
 
Add a new tag
Caveats
  • Supply blocks, unpowered buildings, or Contaminate may cause inaccurate times.
  • Supply counts are checked every 10 seconds.